 Dungeon Crawl Stone Soup version 0.29.0-4-gdea44cf6ec (webtiles) character file.

Game seed: 12160886937945914218

47 qw the Chopper (level 3, 0/21 HPs)
             Began as a Tengu Warper on Aug 28, 2022.
             Succumbed to an adder's poison
             ... on level 3 of the Dungeon.
             The game lasted 00:00:12 (2280 turns).

qw the Chopper (Tengu Warper)                       Turns: 2280, Time: 00:00:13

Health: 0/21       AC:  9    Str: 13    XL:     3   Next: 70%
Magic:  7/7        EV:  6    Int: 13    God:
Gold:   61         SH:  0    Dex: 13    Spells: 6/6 levels left

rFire   . . .      SeeInvis .   Y - +1 hand axe
rCold   . . .      Faith    .   (no shield)
rNeg    . . .      Spirit   .   b - +0 chain mail
rPois   .          Reflect  .   (helmet restricted)
rElec   .          Harm     .   d - +0 cloak
rCorr   .          Rampage  .   (no gloves)
Will    .....                   (boots unavailable)
Stlth   ..........              (no amulet)
HPRegen 0.07/turn               (no ring)
MPRegen 0.10/turn               (no ring)

@: lethally poisoned (0 -> -5)
A: beak, talons 3
a: no special abilities


You were on level 3 of the Dungeon.
You visited 1 branch of the dungeon, and saw 3 of its levels.

You collected 87 gold pieces.
You spent 26 gold pieces at shops.


Innate Abilities, Weirdness & Mutations

You have a beak for a mouth.
You have claws for feet.


   Skills:
 - Level 2.0 Fighting
 + Level 4.3 Axes
 - Level 1.0 Throwing
 - Level 1.1 Armour
 - Level 2.1 Dodging
 - Level 2.0 Spellcasting
 - Level 2.4 Translocations


You had 6 spell levels left.
You didn't know any spells.
Your spell library contained the following spells:

 Spells                   Type           Power      Damage    Failure   Level
 Blink                    Tloc           14%        N/A       99%         2
 Gell's Gravitas          Tloc           7%         N/A       100%        3
 Lesser Beckoning         Tloc           7%         N/A       100%        3
 Teleport Other           Tloc           7%         N/A       100%        3
 Manifold Assault         Tloc           7%         N/A       100%        5

Inventory:

Hand Weapons
 e - a +0 morningstar
 Y - a +1 hand axe (weapon)
Armour
 b - a +0 chain mail (worn)
 d - a +0 cloak (worn)
Scrolls
 a - a scroll of identify
Potions
 g - a potion of resistance
 h - a potion of curing
 i - a potion of invisibility {unknown}

Dungeon Overview and Level Annotations

Branches:
Dungeon (3/15)

Altars:
Elyvilon

Shops:
D:2 ?=


Message History

The adder poisons you!
You closely miss the adder. Your kick misses the adder.
Your peck misses the adder.
The adder is lightly wounded.
You feel sick.
The adder bites you but does no damage. x2
You barely miss the adder. Your kick misses the adder.
The adder is lightly wounded.
You feel sick. The adder bites you but does no damage.
You miss the adder.
The adder is lightly wounded.
You feel sick.
The adder bites you but does no damage. x2
You hit the adder but do no damage. You claw the adder.
Your peck misses the adder.
The adder is heavily wounded.
You feel sick. The adder bites you but does no damage.
You closely miss the adder. Your peck misses the adder.
The adder is heavily wounded.
You feel sick. The adder bites you but does no damage.
You barely miss the adder. Your kick misses the adder.
The adder is heavily wounded.
You feel sick.
You are no longer poisoned.
The adder bites you.
You are poisoned.
The adder poisons you! The adder barely misses you.
You barely miss the adder. Your kick misses the adder.
The adder is heavily wounded.
You feel sick. The adder bites you.
You are lethally poisoned!
The adder poisons you!
You closely miss the adder. Your kick misses the adder.
The adder is heavily wounded.
You feel very sick. The adder bites you but does no damage.
You hit the adder but do no damage. You claw the adder, but do no damage.
The adder is heavily wounded.
You feel sick.
The adder bites you but does no damage. x2
You miss the adder.
The adder is heavily wounded.
You die...

.....# . .[##.# ..
#.##.# .. #.##.#
###.##.##.#
.........#
###.##.##S#
#.#........@#
.........####
#.###.#..#.#
........#..#.#
......#..#..#.#
............#.#######
....................#
........b...#.#######
....................#


You could see an adder.

Vanquished Creatures
  A dart slug (D:1)
  8 ball pythons
  An endoplasm (D:3)
  5 giant cockroaches
  4 goblins
  4 hobgoblins
  6 bats
  2 frilled lizards
  5 kobolds
  7 rats
43 creatures vanquished.

Notes
Turn   | Place    | Note
-------+----------+-------------------------------------------
     0 | D:1      | qw the Tengu Warper began the quest for the Orb.
     0 | D:1      | Reached XP level 1. HP: 12/12 MP: 4/4
     0 | D:1      | 0 ||| qw: Version: 0.1-a-89-g26bdef1
     0 | D:1      | 0 ||| qw: Game counter: 1634
     0 | D:1      | 0 ||| qw: Always use a shield: true
     0 | D:1      | 0 ||| qw: God list: Okawaru
     0 | D:1      | 0 ||| qw: Allow faded altars: false
     0 | D:1      | 0 ||| qw: Do Orc after D:15 true
     0 | D:1      | 0 ||| qw: Do second Lair branch before Depths: true
     0 | D:1      | 0 ||| qw: Lair rune preference: random
     0 | D:1      | 0 ||| qw: Plans: Normal
     0 | D:1      | 0 ||| PLANNING D:1-11
   173 | D:1      | Reached skill level 3 in Axes
   173 | D:1      | Reached XP level 2. HP: 15/17 MP: 6/6
   399 | D:1      | 399 ||| Stepping ~*~*~tactically~*~*~ (stealth).
   407 | D:1      | 407 ||| Stepping ~*~*~tactically~*~*~ (hiding).
   412 | D:1      | HP: 2/17 [dart slug/slug dart (4)]
   939 | D:1      | Found a faded altar of an unknown god.
  1034 | D:1      | 1034 ||| UPGRADING to +0 scale mail.
  1044 | D:1      | 1044 ||| DROPPING +0 leather armour.
  1045 | D:1      | 1045 ||| READING scroll labelled UNTIBR SULOANA.
  1046 | D:1      | 1046 ||| DROPPING scroll of blinking.
  1136 | D:2      | Reached XP level 3. HP: 21/21 MP: 7/7
  1277 | D:2      | Found Fivymuag's Magic Scroll Emporium.
  1286 | D:2      | 1286 ||| SHOPLISTING scroll of enchant weapon (97 gold,
                  | have 46).
  1286 | D:2      | 1286 ||| BUYING scroll of identify (26 gold).
  1286 | D:2      | Bought a scroll of identify for 26 gold pieces
  1286 | D:2      | 1286 ||| SHOPLISTING scroll of identify (26 gold, have 20).
  1286 | D:2      | 1286 ||| SHOPLISTING scroll of teleportation (39 gold, have
                  | 20).
  1463 | D:2      | 1463 ||| Stepping ~*~*~tactically~*~*~ (stealth).
  1464 | D:2      | 1464 ||| Stepping ~*~*~tactically~*~*~ (stealth).
  1466 | D:2      | 1466 ||| FLEEEEING.
  1467 | D:2      | 1467 ||| FLEEEEING.
  1468 | D:2      | 1468 ||| FLEEEEING.
  1469 | D:2      | 1469 ||| FLEEEEING.
  1470 | D:2      | 1470 ||| FLEEEEING.
  1471 | D:2      | 1471 ||| FLEEEEING.
  1472 | D:2      | 1472 ||| FLEEEEING.
  1473 | D:2      | 1473 ||| FLEEEEING.
  1474 | D:2      | 1474 ||| FLEEEEING.
  1475 | D:2      | 1475 ||| FLEEEEING.
  1479 | D:2      | Reached skill level 4 in Axes
  1483 | D:2      | 1483 ||| STAIRDANCE
  1532 | D:1      | 1532 ||| UPGRADING to +0 chain mail.
  1542 | D:1      | 1542 ||| DROPPING +0 scale mail.
  1543 | D:1      | 1543 ||| READING scroll labelled KEPIRH URAIW.
  1544 | D:1      | 1544 ||| READING 3 scrolls of identify.
  1544 | D:1      | 1544 ||| IDENTIFYING puce potion
  1545 | D:1      | 1545 ||| READING 2 scrolls of identify.
  1545 | D:1      | 1545 ||| IDENTIFYING fizzy green potion
  1546 | D:1      | 1546 ||| DROPPING potion of brilliance.
  1564 | D:2      | 1564 ||| Stepping ~*~*~tactically~*~*~ (stealth).
  1579 | D:2      | 1579 ||| Stepping ~*~*~tactically~*~*~ (stealth).
  1607 | D:2      | 1607 ||| Stepping ~*~*~tactically~*~*~ (stealth).
  2018 | D:2      | Found Efow's Jewellery Shop.
  2027 | D:2      | 2027 ||| SHOPLISTING amulet of guardian spirit (330 gold,
                  | have 61).
  2027 | D:2      | 2027 ||| SHOPLISTING amulet of reflection (330 gold, have
                  | 61).
  2027 | D:2      | 2027 ||| SHOPLISTING ring of positive energy (220 gold,
                  | have 61).
  2027 | D:2      | 2027 ||| SHOPLISTING ring of protection from fire (275
                  | gold, have 61).
  2027 | D:2      | 2027 ||| SHOPLISTING ring of resist corrosion (220 gold,
                  | have 61).
  2179 | D:2      | 2179 ||| UPGRADING to +0 cloak.
  2184 | D:2      | 2184 ||| READING scroll labelled TUOGIE YSOI.
  2185 | D:2      | 2185 ||| READING scroll labelled COUROZ XAREMA.
  2186 | D:2      | 2186 ||| READING 3 scrolls of identify.
  2186 | D:2      | 2186 ||| IDENTIFYING fuming brown potion
  2187 | D:2      | 2187 ||| READING 2 scrolls of identify.
  2187 | D:2      | 2187 ||| IDENTIFYING grey potion
  2188 | D:2      | 2188 ||| DROPPING potion of berserk rage.
  2214 | D:3      | Found a white marble altar of Elyvilon.
  2278 | D:3      | HP: 3/21 [poisoned by an adder]
  2279 | D:3      | HP: 1/21 [poisoned by an adder]
  2280 | D:3      | Succumbed to an adder's poison

Levels and vault maps discovered:
D:1:      co_arrival_random_square_maze, layout_rooms,
          hellmonk_ecumenical_altar_leap_of_faith, minmay_misc_feat_tiny,
          minmay_bisected
D:2:      minmay_diamond_boxcup, layout_loops_corners, serial_shops, shop,
          nicolae_shop_stone
D:3:      layout_basic, chequers_temple_overflow_statue_of_worship,
          nicolae_elyvilon_peaceful_grove, serial_shops, shop

Skill      XL: |  1  2  3 |
---------------+----------+-----
Axes           | 3 4 |  4.3
Fighting       | |  2.0
Throwing       | |  1.0
Armour         | |  1.1
Dodging        | |  2.1
Spellcasting   | |  2.0
Translocations | |  2.4

Action                   || total
-------------------------++-------
Melee: Hand axe          ||   101
       Kick              ||    20
       Peck              ||    17
Throw: Boomerang         ||     7
  Use: Scroll            ||     8
Armor: Leather armour    ||    15
       Chain mail        ||    23
       Scale mail        ||     7
Dodge: Dodged            ||    41

Table legend:
 A = Non-vault XP
 B = Vault XP
 C = Vault XP percentage of total XP
 D = Non-vault monster count
 E = Vault monster count
 F = Vault count percentage of total count
                 A         B        C        D         E       F
            +---------+---------+-------+---------+---------+-------
      Total |      52 |      16 |  23.5 |      32 |      11 |  25.6
            +---------+---------+-------+---------+---------+-------
        D:1 |      25 |       5 |  16.7 |      15 |       3 |  16.7
        D:2 |      22 |      11 |  33.3 |      14 |       8 |  36.4
        D:3 |       5 |       0 |   0.0 |       3 |       0 |   0.0
            +---------+---------+-------+---------+---------+-------
